 Dungeon Crawl Stone Soup version 0.17.0-22-g5edae84 (webtiles) character file.

1810 JudasIscariot the Skirmisher (level 8, -10/57 HPs)
             Began as a Demonspawn Fighter on Nov 13, 2015.
             Was a Follower of Trog.
             Mangled by an orc warrior
             ... wielding a +0 flail
              (16 damage)
             ... on level 7 of the Dungeon.
             The game lasted 00:19:00 (5991 turns).

JudasIscariot the Skirmisher (Demonspawn Fighter)   Turns: 5991, Time: 00:19:02

Health: -10/57     AC: 14    Str: 19    XL:     8   Next: 84%
Magic:  8/8        EV:  6    Int: 10    God:    Trog [*.....]
Gold:   275        SH:  9    Dex: 10    Spells: 0 memorised, 7 levels left

rFire  . . .     SeeInvis .     a - +0 war axe
rCold  + . .     Clarity  .     o - +0 chain mail
rNeg   + . .     SustAt   .     c - +0 shield
rPois  .         Gourm    .     (helmet restricted)
rElec  .         Spirit   .     n - +0 cloak
rCorr  .         Warding  .     (no gloves)
rMut   .         Stasis   .     (no boots)
MR     .....                    k - amulet of regeneration
Stlth  ..........               x - ring of positive energy
                                y - +3 ring of protection

@: not resistant to hostile enchantments, extremely unstealthy
A: antennae 2, fangs 1, hooves 1, clumsy 1, cold resistance 1, frail 1, powered
by pain 1, wild magic 1, evolution 1
a: Berserk, Burn Spellbooks, Renounce Religion


You were on level 7 of the Dungeon.
You worshipped Trog.
Trog was aware of your devotion.
You were not hungry.

You visited 2 branches of the dungeon, and saw 8 of its levels.

You collected 275 gold pieces.

Inventory:

Hand Weapons
 a - a +0 war axe (weapon)
Armour
 b - a +0 scale mail
 c - a +0 shield (worn)
 n - a +0 cloak (worn)
 o - a +0 chain mail (worn)
Jewellery
 k - an amulet of regeneration (around neck)
 u - a cursed amulet of resist corrosion {unknown}
 v - an uncursed ring of protection from fire
 x - a ring of positive energy (right hand)
 y - a +3 ring of protection (left hand)
 G - an uncursed amulet of rage {unknown}
 I - an uncursed ring of magical power
Wands
 p - a wand of confusion (3)
 E - a wand of frost (39)
 H - a wand of paralysis (6)
Scrolls
 h - 11 scrolls of identify {unknown}
 i - 7 scrolls of remove curse {unknown}
 m - 3 scrolls of blinking {unknown}
 s - a scroll of fear {unknown}
 t - 2 scrolls of enchant weapon {unknown}
 w - 2 scrolls of recharging {unknown}
 D - 2 scrolls of fog {unknown}
 F - 2 scrolls of teleportation {unknown}
Potions
 d - 2 potions of might
 f - 2 potions of heal wounds
 g - a potion of agility {unknown}
 j - 2 potions of cancellation {unknown}
 q - a potion of resistance {unknown}
 r - a potion of lignification {unknown}
 z - 2 potions of brilliance {unknown}
 A - a potion of flight {unknown}
 C - 3 potions of curing {unknown}
Comestibles
 e - 5 bread rations
 l - a meat ration
 B - a royal jelly
 J - a beef jerky


   Skills:
 * Level 6.1 Fighting
 * Level 5.8 Axes
 * Level 5.8 Armour
 + Level 2.4 Dodging
 + Level 0.6 Stealth
 + Level 5.0 Shields


You had 7 spell levels left.
You didn't know any spells.

Dungeon Overview and Level Annotations

Branches:
Dungeon (7/15)             Temple (1/1) D:5

Altars:
Cheibriados
Dithmenos
Elyvilon
Fedhas
Gozag
Kikubaaqudgha
Makhleb
Nemelex Xobeh
Ru
Sif Muna
Trog
Xom
Yredelemnul
Zin
The Shining One


Innate Abilities, Weirdness & Mutations

You have a pair of antennae on your head.
You have large cloven feet.
Your flesh is cold resistant.
You sometimes gain a little power by taking damage.
You have very sharp teeth.
You are clumsy. (Dex -2)
You are frail (-10% HP).
Your spells are a little harder to cast, but a little more powerful.
You evolve.


Message History

You kick the orc warrior, but do no damage.
Your shield and chain mail prevent you from hitting the orc wizard.
The orc wizard is severely wounded.
You hit the orc priest.
The orc priest is almost dead.
The orc wizard casts a spell at you. The magic dart hits you!
The orc warrior hits you with a flail!
* * * LOW HITPOINT WARNING * * *
The orc priest hits you with a hand axe.
* * * LOW HITPOINT WARNING * * *
The orc wizard gestures wildly while chanting.
The orc wizard flickers and vanishes!
Deactivating autopickup; reactivate with Ctrl-A.
You hit the orc warrior but do no damage.
You kick the orc warrior, but do no damage.
You miss something.
Your shield and chain mail prevent you from hitting the orc priest.
The orc priest is almost dead.
The orc priest barely misses you. The orc warrior hits you with a flail!
You die...

#...#..........#...#.......#
#...#..........#...#.......#
'...#..........#...#.......#
#...#........).#...#.......#
###.#..........#####.......#
##.##########......##'#####
#...'...'...#..>...#.....#
#...#...#...#......#.....#
#...#...#...#.)@)..#.....#
#...#...#...#<{oo..#.....#
#...#...#...#......#.....#
##############......#######
..........# #......#
..........# #......#
..........# '......#
..........# .#......#
..........# #......#


You could see an orc warrior and an orc priest.

Vanquished Creatures
  Menkaure (D:7)
  A sky beast (D:5)
  An ogre (D:7)
  2 ice beasts (D:7)
  A centaur (D:6)
  A giant frog (D:6)
  8 killer bees (D:7)
  A scorpion (D:6)
  A jelly (D:7)
  A crimson imp (D:5)
  3 hounds
  An iguana (D:6)
  2 orc priests (D:4)
  Natasha (thrice) (D:3)
  6 orc wizards
  5 worker ants
  A hound skeleton (D:4)
  4 gnolls (D:6)
  8 adders
  2 shadow imps (D:5)
  An adder skeleton (D:7)
  4 worms
  5 giant geckos
  16 orcs
  5 bats
  8 goblins
  A hobgoblin (D:3)
  3 jackals (D:1)
  2 quokkas
  A ball python (D:1)
  9 giant cockroaches
  2 giant newts
  8 kobolds
  10 rats
128 creatures vanquished.

Notes
Turn   | Place    | Note
--------------------------------------------------------------
     0 | D:1      | JudasIscariot the Demonspawn Fighter began the quest for the Orb.
     0 | D:1      | Reached XP level 1. HP: 18/18 MP: 1/1
   301 | D:1      | Found a shimmering altar of Xom.
   568 | D:1      | Gained mutation: You have a pair of small antennae on your head. [demonic ancestry]
   568 | D:1      | Reached XP level 2. HP: 2/24 MP: 2/2
   580 | D:1      | HP: 1/24 [bat (1)]
  1317 | D:2      | Gained mutation: You have large cloven feet. [demonic ancestry]
  1317 | D:2      | Reached XP level 3. HP: 19/29 MP: 3/3
  1674 | D:2      | Found a burning altar of Makhleb.
  1823 | D:2      | Reached skill level 1 in Dodging
  1918 | D:2      | Reached XP level 4. HP: 34/36 MP: 4/4
  2453 | D:3      | Noticed Natasha
  2461 | D:3      | Killed Natasha
  2554 | D:3      | Reached XP level 5. HP: 30/42 MP: 5/5
  2603 | D:3      | Noticed Natasha
  2637 | D:3      | Killed Natasha
  2637 | D:3      | Reached skill level 4 in Fighting
  2741 | D:3      | Noticed Natasha
  2766 | D:3      | Killed Natasha
  2935 | D:4      | Gained mutation: Your flesh is cold resistant. [demonic ancestry]
  2935 | D:4      | Reached XP level 6. HP: 48/48 MP: 6/6
  2994 | D:4      | Found an ancient bone altar of Kikubaaqudgha.
  3466 | D:5      | Entered Level 5 of the Dungeon
  3678 | D:5      | Gained mutation: You have a pair of antennae on your head. [demonic ancestry]
  3678 | D:5      | Reached XP level 7. HP: 48/55 MP: 7/7
  3682 | D:5      | Gained mutation: Your spells are a little harder to cast, but a little more powerful. [mutagenic meat]
  3683 | D:5      | Gained mutation: You are clumsy. (Dex -2) [mutagenic meat]
  3684 | D:5      | Gained mutation: You are frail (-10% HP). [mutagenic meat]
  3685 | D:5      | Gained mutation: You evolve. [mutagenic meat]
  3686 | D:5      | Gained mutation: You are very clumsy. (Dex -4) [mutagenic meat]
  3910 | D:5      | Found a staircase to the Ecumenical Temple.
  3920 | Temple   | Entered the Ecumenical Temple
  4012 | Temple   | Became a worshipper of Trog the Wrathful
  4828 | D:6      | Gained mutation: You have very sharp teeth. [evolution]
  4906 | D:6      | Reached skill level 5 in Fighting
  4909 | D:6      | Reached * piety under Trog
  5018 | D:6      | Found a deep blue altar of Sif Muna.
  5119 | D:6      | Reached skill level 5 in Axes
  5288 | D:7      | Gained mutation: You sometimes gain a little power by taking damage. [demonic ancestry]
  5288 | D:7      | Reached XP level 8. HP: 55/55 MP: 8/8
  5323 | D:7      | Reached skill level 5 in Armour
  5330 | D:7      | Noticed Menkaure
  5350 | D:7      | Killed Menkaure
  5447 | D:7      | Lost mutation: You are very clumsy. (Dex -4) [evolution]
  5828 | D:7      | Reached skill level 6 in Fighting
  5834 | D:7      | Reached skill level 5 in Shields
  5991 | D:7      | Mangled by an orc warrior

Action                   |  1- 3 |  4- 6 |  7- 9 || total
-------------------------+-------+-------+-------++-------
Melee: War axe           |   163 |   187 |   246 ||   596
Invok: Berserk           |       |       |     3 ||     3
       Burn Spellbooks   |       |       |     1 ||     1
  Use: Potion            |       |       |     2 ||     2
  Eat: Chunk             |     4 |     7 |    10 ||    21
       Bread ration      |       |       |     2 ||     2
